[Event "1st Caplin Menchik Memorial 2022"]
[Site "London"]
[Date "2022.06.25"]
[Round "8.5"]
[White "Koubova, Anna Marie"]
[Black "Dworakowska, Joanna"]
[Result "1/2-1/2"]
[ECO "E73"]
[WhiteElo "2115"]
[BlackElo "2321"]
[Annotator "TA"]
[PlyCount "112"]
[EventDate "2022.06.21"]
[EventType "tourn"]
[EventCountry "ENG"]
[SourceTitle "playchess.com"]
[Source "ChessBase"]
[SourceQuality "1"]
[TimeControl "5400+30"]

1. d4 Nf6 2. c4 g6 3. Nc3 Bg7 4. e4 d6 5. Be2 O-O 6. Bg5 h6 7. Be3 Nbd7 8. Qd2 Kh7 9. h4 c5 {[%emt 0:01:21] E73: King's Indian: Averbakh Variation without 6...c5.} 10. d5 {[%emt 0:00:44] White is more active.} b5 11. cxb5 Ne5 {[%emt 0:03:53] White is slightly better.} 12. f3 (12. Bf4 $14) 12... a6 $11 13. h5 (13. bxa6 {is interesting.} Qa5 14. Nb5 Rxa6 15. g4) 13... g5 (13... Nxh5 $5 14. Rh4 Rh8 $11) 14. Nh3 axb5 {[%emt 0:03:25] [#]} 15. Nxb5 $146 ({Predecessor:} 15. Bxg5 b4 16. Nd1 e6 17. f4 Ned7 18. Ne3 exd5 19. exd5 Nb6 20. Bh4 Re8 21. Bd3+ {1-0 (44) Gellrich,P-Hoerstmann,M (2280) Germany 1998}) 15... Nfd7 (15... Ba6 $11) 16. g4 (16. a4 $14) 16... Nb6 $15 {[%emt 0:04:10][%mdl 1024] aiming for ...Nbc4. Black has compensation.} 17. Qc2 {[%emt 0:02:22] Prevents Nbc4.} Bd7 18. O-O Kg8 19. a4 Qb8 20. Ra2 {[%emt 0:03:10] [#]} (20. Kg2 $11) 20... Rxa4 $1 21. Rxa4 Nxa4 22. Qxa4 {[%emt 0:00:06] Strongly threatening Qa6.} c4 $1 23. b3 Qxb5 ({Black should try} 23... Bxb5 $19 24. Qa5 Qb7) 24. Qxb5 Bxb5 25. Rc1 {[%emt 0:00:49] [#]} (25. bxc4 $15 Bxc4 26. Kf2) 25... Nxf3+ $1 $17 26. Kg2 ({Don't blunder} 26. Bxf3 $2 cxb3 27. Rb1 b2 $19) 26... Ne5 {[%emt 0:04:51][%cal Oe5g4] Threatens to win with ...Nxg4!} 27. bxc4 {[%emt 0:00:11] [#]} Bd7 (27... Ba6 $1 $17 28. Kf1 Rb8) 28. Nf2 $11 Ra8 29. Rc2 (29. Kf1 $1 $11 {was the only way to keep the balance.}) 29... Bf6 (29... Ra3 $17 30. Bc1 Ra1) 30. c5 dxc5 $1 31. Bxc5 Rc8 32. Rc1 Kf8 33. Be3 {[%emt 0:01:09] The position is equal.} Rxc1 34. Bxc1 Ke8 35. Kg3 Ba4 36. Ba3 Kd7 37. Bb4 Kc7 38. Nd1 Nd3 39. Bxd3 Bxd1 {[%emt 0:00:11][%mdl 4096] Endgame KBB-KBB} 40. Kh3 Ba4 41. Be2 Kd7 42. Kg2 Be5 43. Kf3 Ke8 44. Ke3 Kd7 45. Bc5 f6 46. Bb4 Bf4+ 47. Kd4 Be5+ 48. Ke3 Bf4+ 49. Kf3 Ke8 50. Bc5 Bc2 51. Bb5+ Kf7 52. Bc4 Bd1+ 53. Be2 Bc2 54. Bc4 Kf8 55. Bb5 Bb1 56. Bc4 Bc2 {[%emt 0:00:08] Weighted Error Value: White=0.23 (precise) /Black=0.16 (very precise)} 1/2-1/2

[Event "1st Caplin Menchik Memorial 2022"]
[Site "London"]
[Date "2022.06.26"]
[Round "9.1"]
[White "Dworakowska, Joanna"]
[Black "Yao, Lan"]
[Result "1-0"]
[ECO "C00"]
[WhiteElo "2321"]
[BlackElo "2276"]
[Annotator "TA"]
[PlyCount "169"]
[EventDate "2022.06.21"]
[EventType "tourn"]
[EventCountry "ENG"]
[SourceTitle "playchess.com"]
[Source "ChessBase"]
[SourceQuality "1"]
[TimeControl "5400+30"]

1. Nf3 Nf6 2. g3 e6 3. Bg2 d5 4. O-O Be7 5. d3 O-O 6. Nbd2 c5 7. e4 Nc6 8. Re1 Qc7 9. c3 b5 10. Qe2 {[%emt 0:12:38] C00: French: Unusual White 2nd moves.} Bb7 11. e5 (11. exd5 $11 exd5 12. Nb3) 11... Nd7 $1 $15 12. Nf1 {[%emt 0:03:47] Black is slightly better.} d4 13. Bf4 {[%emt 0:09:29] [#]} dxc3 $146 ({Predecessor:} 13... Nb6 14. Rac1 dxc3 15. bxc3 Nd5 16. Bd2 Rfd8 17. h4 h6 18. N1h2 Bf8 19. Ng4 Nde7 {1-0 (57) Petkevich,J (2376)-Agrest,R (2056) Stockholm 2013}) 14. bxc3 b4 15. cxb4 Nxb4 16. Ne3 Nd5 17. Nxd5 Bxd5 18. h4 Qc6 19. h5 Rab8 20. Rec1 Rb4 21. Rc2 Rfb8 22. Rac1 Rb1 23. Nd4 Rxc1+ 24. Rxc1 Qb7 25. Bxd5 Qxd5 26. Nb3 Rd8 27. Na5 h6 28. Qe4 Nb8 29. Qxd5 (29. Nb7 {is interesting.} Qxd3 30. Nxc5 Qd5 31. Be3) 29... Rxd5 30. Rb1 Nd7 31. Nc6 Bf8 32. Rb3 g5 33. hxg6 fxg6 34. g4 g5 35. Bg3 Kh7 36. Kf1 {[%emt 0:00:16] Black should prevent Rb7.} Bg7 37. Rb7 {[%emt 0:01:58] Black must now prevent Ke2.} Rxd3 38. Ke2 Rd5 39. Ne7 Rd4 40. Nc6 Rd5 41. Rxa7 {[%emt 0:00:37] a4 is the strong threat.} h5 $2 (41... c4 $11) 42. gxh5 $18 Kh6 (42... c4 $142 43. Nb4 Rb5) 43. Ne7 Rd4 44. Nc6 Rd5 45. Ne7 (45. f4 $16 Bf8 46. f5 (46. Nd8 Kxh5 47. Nxe6 Kg4 $16)) 45... Rd4 {[%emt 0:00:03] [#]} 46. Ra6 $1 Kxh5 47. Rxe6 {[%emt 0:00:07] Hoping for Nf5.} Ra4 48. Nf5 Rxa2+ $2 (48... Bf8 49. a3 Ra8) 49. Kf3 Bf8 {[%emt 0:02:18] [#]} 50. Rc6 (50. Re8 $1 $18 {is the precise move to win. aiming for e6.} Ra3+ 51. Kg2) 50... Ra3+ $2 (50... g4+ $16 {was worth a try.} 51. Ke4 Ra4+ 52. Kd5 Kg5) 51. Kg2 Ra8 52. e6 Nf6 53. e7 Bxe7 54. Nxe7 Ne4 (54... Rf8 $142 55. Nf5 Kg6) 55. Nf5 {[%emt 0:00:21] White threatens Ng7+ and mate.} Kg4 56. Ne3+ Kh5 57. Nd5 {[%emt 0:00:53] Threatens to win with Nf6+.} Ra3 58. Nf6+ Nxf6 59. Rxf6 {[%emt 0:00:03][%mdl 4096] Endgame KRB-KR} c4 60. Rc6 Ra4 61. Be5 Kg4 62. Bc3 Kf5 63. Kf3 (63. Rc5+ $142 Kf4 64. Bd2+ Ke4 65. Bxg5 Kd4 66. Rc7 Kd3 67. Bf6 Ra6 68. Be5) 63... g4+ 64. Ke3 Kg5 65. Rc5+ (65. Ke4 $142 Ra2 66. Bd4 Ra5 67. Be3+ Kh4 68. Rh6+ Rh5 69. Rxh5+ Kxh5 70. Kd4) 65... Kh4 66. Be5 Kh3 67. Bg3 Ra3+ 68. Kd4 Kg2 69. Rxc4 Ra8 70. Ke4 Rf8 71. Rc5 {[%emt 0:00:14] Threatening mate with Rg5.} Rh8 72. Kf4 Kh3 73. Rf5 Rh7 74. Rf6 Rh5 75. Rf7 Rh8 76. Kg5 Rg8+ 77. Kf5 Rh8 78. Rg7 Rh5+ 79. Kg6 Ra5 80. Rh7+ Kg2 81. Rh5 Ra8 82. Kg5 Kf3 83. Rh6 Ra5+ 84. Kh4 Rf5 {[%emt 0:00:17] Inhibits Rf6.} 85. Re6 {[%emt 0:00:14] Weighted Error Value: White=0.17 (very precise) /Black=0.29 (precise)} 1-0

[Event "1st Caplin Menchik Memorial 2022"]
[Site "London"]
[Date "2022.06.26"]
[Round "9.2"]
[White "Schulze, Lara"]
[Black "Koubova, Anna Marie"]
[Result "1-0"]
[ECO "B10"]
[WhiteElo "2303"]
[BlackElo "2115"]
[Annotator "TA"]
[PlyCount "105"]
[EventDate "2022.06.21"]
[EventType "tourn"]
[EventCountry "ENG"]
[SourceTitle "playchess.com"]
[Source "ChessBase"]
[SourceQuality "1"]
[TimeControl "5400+30"]

1. e4 c6 2. Nf3 d5 3. d3 dxe4 4. dxe4 Qxd1+ 5. Kxd1 Bg4 (5... Nf6 $5 ) 6. Be2 {[%emt 0:00:15] B10: Caro-Kann: 2 d3 and 2 c4.} Nd7 7. Ne1 Be6 {[%emt 0:08:18] [#]} 8. Be3 $146 {[%emt 0:10:08] White is slightly better.} ({Predecessor:} 8. Nd2 g5 9. Bc4 Nc5 10. Bxe6 Nxe6 11. c3 Nf6 12. Kc2 Bg7 13. Nd3 Nd7 14. Nc4 {1-0 (50) Sarana,A (2640)-Voit,D (2354) Anapa 2021}) 8... f5 9. Nd2 Ngf6 10. Nef3 (10. exf5 $11 Bxf5 11. Bd3) 10... fxe4 $15 11. Ng5 Bf5 {[%emt 0:03:25] Threatens to win with ...h6.} 12. Bc4 Ne5 {[%emt 0:03:37] Prevents Bf7+.} 13. Bb3 Nd5 14. h3 Nxe3+ 15. fxe3 h6 (15... g6 {is interesting.} 16. Ke2 O-O-O 17. g4 Bh6) 16. Ne6 Kd7 {[%emt 0:01:56] Against Nc7} 17. Nc5+ {[%emt 0:05:24] Pair of Knights!} Kc7 18. Rf1 e6 19. Nxe6+ Bxe6 20. Bxe6 Bc5 21. Ke2 Rhe8 22. Bb3 Bb6 23. Nc4 Nxc4 {[%emt 0:04:45] [#] White stays focused until the end.} (23... Bc5 $14) 24. Rf7+ $1 $16 Kd6 25. Bxc4 Rf8 26. Raf1 Rxf7 27. Rxf7 {[%emt 0:00:02][%mdl 4096] Endgame KRB-KRB} Kc5 28. Bb3 {[%emt 0:00:59] White is more active.} Bd8 29. Rxg7 Bf6 30. Rxb7 Bxb2 31. Re7 {[%emt 0:00:36] Prevents Be5.} Bc1 (31... a5 $142 32. Rxe4 Rd8) 32. Rxe4 $18 Rd8 33. Re5+ Kb4 34. Re6 c5 35. Re4+ Kb5 36. Bc4+ Kb4 37. Bd5+ Kb5 (37... Ka3 {might work better.}) 38. c4+ Kb4 39. Re6 a5 40. Rxh6 Ka3 41. Ra6 a4 42. Bc6 {[%emt 0:02:56] Against Re8} Rd2+ 43. Kf3 Kxa2 44. Bxa4 Kb2 45. Bb5 {[%emt 0:00:19] Strongly threatening h4.} Rd1 46. Re6 Rf1+ 47. Ke2 Rf8 (47... Rg1 $142 48. Kf2 Rd1) 48. Bc6 {[%emt 0:00:31] White is clearly winning.} Kc3 49. Bd5 Bb2 50. Re4 Rf6 51. Rf4 Rg6 52. h4 Kb4 53. g4 {[%emt 0:00:30] Weighted Error Value: White=0.10 (very precise) /Black=0.34} 1-0

[Event "1st Caplin Menchik Memorial 2022"]
[Site "London"]
[Date "2022.06.26"]
[Round "9.3"]
[White "Arakhamia-Grant, Ketevan"]
[Black "Vidic, Teja"]
[Result "1-0"]
[ECO "C70"]
[WhiteElo "2354"]
[BlackElo "2168"]
[Annotator "TA"]
[PlyCount "95"]
[EventDate "2022.06.21"]
[EventType "tourn"]
[EventCountry "ENG"]
[SourceTitle "playchess.com"]
[Source "ChessBase"]
[SourceQuality "1"]
[TimeControl "5400+30"]

1. e4 e5 2. Nf3 Nc6 3. Bb5 a6 4. Ba4 b5 5. Bb3 g6 6. c3 {[%emt 0:03:44] C70: Ruy Lopez: 3...a6 4 Ba4, Norwegian and Delayed Schliemann.} Bg7 7. d4 exd4 8. cxd4 {[%emt 0:00:06] White has an edge.} d6 9. h3 (9. Ng5 $5 Nh6 10. Bd5 $11) 9... Nge7 10. Nc3 O-O 11. O-O Na5 12. Bc2 $1 c5 13. Re1 cxd4 14. Nxd4 Bb7 15. Bg5 h6 16. Bh4 Re8 17. Nd5 (17. Nf5 $5) 17... Bxd5 ({Don't take} 17... g5 18. Nxe7+ Qxe7 19. Bg3 $14) 18. exd5 {[%emt 0:00:08] [#]} Qd7 $146 ({Predecessor:} 18... Qb6 19. Nf3 Qb7 20. Qe2 Kf8 21. Rad1 Nf5 22. Qd3 Nc4 23. Rxe8+ Rxe8 24. Rb1 Qc7 25. b3 Na3 26. Rc1 Rc8 27. g4 {0-1 (27) Najer,E (2679)-Grischuk,A (2737) Doha 2016}) 19. Rc1 Rac8 20. b4 {[%emt 0:17:59] [#]} Nc4 ({Black should play} 20... Nxd5 $1 $17 21. Rxe8+ Qxe8) 21. Bxe7 $11 Rxe7 22. Rxe7 Qxe7 23. Nc6 Qd7 ({Black should try} 23... Qg5 $11) 24. Bb3 $36 {[%emt 0:00:58][%mdl 2048] White has good play.} Nb6 25. a4 bxa4 26. Bxa4 Kh7 27. Bc2 Qb7 28. Bd3 Nd7 (28... Bf6 $14) 29. Qe2 $16 Nb8 30. Qe4 {[%emt 0:00:26] White is much more active.} Rc7 {[%emt 0:07:58] [#]} (30... f5 $16 31. Qf3 Nd7) 31. h4 $1 $18 f5 32. Qc4 h5 {[%emt 0:00:23] [#]} 33. Rc2 (33. g4 $1 $18 {[%cal Rg4h5] Strongly threatening gxh5.} Nxc6 34. dxc6) 33... Qb6 34. g3 Be5 35. Kg2 Kh6 36. Be2 Nxc6 (36... Kg7 $16 37. Bf3 Qb5) 37. dxc6 a5 $2 {[%emt 0:00:50] A mistake that costs the game.} (37... Kg7 $16 38. Bf1 Kh6) 38. b5 Bd4 (38... Kh7 $142 39. Rd2 Re7) 39. Bf3 Bc5 (39... Be5 $142 40. Rd2 Kh7) 40. Re2 {[%emt 0:00:11][%cal Of3h5] aiming for Bxh5!} Bd4 41. Re6 {[%emt 0:00:54] And now Qc1+ would win.} Bxf2 42. Qf4+ {[%emt 0:00:20] White mates.} Kh7 43. Qg5 Rg7 {[%emt 0:00:22] [#]} 44. Bxh5 $1 Qb8 45. Bxg6+ Kg8 46. Bf7+ Kh8 47. Rh6+ Rh7 48. Qf6# {[%emt 0:00:07] Weighted Error Value: White=0.17 (very precise) /Black=0.40} 1-0

[Event "1st Caplin Menchik Memorial 2022"]
[Site "London"]
[Date "2022.06.26"]
[Round "9.4"]
[White "Toma, Katarzyna"]
[Black "Hunt, Harriet V"]
[Result "1/2-1/2"]
[ECO "B13"]
[WhiteElo "2304"]
[BlackElo "2395"]
[Annotator "TA"]
[PlyCount "60"]
[EventDate "2022.06.21"]
[EventType "tourn"]
[EventCountry "ENG"]
[SourceTitle "playchess.com"]
[Source "ChessBase"]
[SourceQuality "1"]
[TimeControl "5400+30"]

1. e4 c6 2. d4 d5 3. exd5 cxd5 4. Bd3 Nc6 5. c3 Nf6 6. Ne2 g6 7. O-O Bg7 8. Nd2 O-O 9. Nf3 Bg4 {B13: Caro-Kann: Exchange Variation and Panov-Botvinnik Attack.} 10. Ne5 Nxe5 11. dxe5 Nd7 {[#] White is slightly better.} 12. f4 $146 ({Predecessor:} 12. f3 Be6 13. f4 Nc5 14. Bc2 Qc8 15. Nd4 Bg4 16. Qe1 Ne6 17. Nb3 Nc5 18. h3 Nxb3 19. axb3 {1-0 (62) Krivanek,V (2107)-Laurincova,K (1854) Ricany 2017}) 12... Nc5 13. Be3 Nxd3 14. Qxd3 Bf5 15. Qd2 Qd7 16. Rad1 Rfd8 17. h3 Qa4 18. Nd4 (18. b3 $5 Qe8 19. g4 $14) 18... Be4 19. a3 Qd7 {[#]} (19... e6 $11 {keeps the balance.}) 20. Qf2 (20. Ne2 $1 $16) 20... Rac8 21. Rd2 a6 22. Qh4 Rc4 23. Ne2 b5 24. Bd4 Qe6 25. b3 (25. g4 $14) 25... Rcc8 $11 26. Ng3 f5 27. Re1 Rd7 28. Nf1 Rdc7 29. Qg3 a5 30. Ra2 Qc6 {Weighted Error Value: White=0.16 (very precise) /Black=0.15 (very precise)} 1/2-1/2

[Event "1st Caplin Menchik Memorial 2022"]
[Site "London"]
[Date "2022.06.26"]
[Round "9.5"]
[White "Hryshchenko, Kamila"]
[Black "Varney, Zoe"]
[Result "1/2-1/2"]
[ECO "C88"]
[WhiteElo "2037"]
[BlackElo "2046"]
[Annotator "NA RC"]
[PlyCount "41"]
[EventDate "2022.06.21"]
[EventType "tourn"]
[EventCountry "ENG"]
[SourceTitle "playchess.com"]
[Source "ChessBase"]
[SourceQuality "1"]
[TimeControl "5400+30"]

1. e4 e5 2. Nf3 Nc6 3. Bb5 a6 4. Ba4 Nf6 5. O-O Be7 6. Re1 b5 7. Bb3 O-O 8. a4 d5 9. exd5 Na5 10. Nxe5 Nxb3 11. cxb3 Bb7 12. Nc6 Bxc6 13. dxc6 Bc5 14. d3 Bxf2+ 15. Kxf2 Qd4+ 16. Kg3 Rae8 17. Rf1 Qd6+ 18. Kf2 Qd4+ 19. Kg3 Qd6+ 20. Kf2 Qd4+ 21. Kg3 1/2-1/2